 Dungeon Crawl Stone Soup version 0.31-a0-117-g42d8f58691 (webtiles) character file.

Game seed: 2728603701733678932

3127377 TittyCrusher the Naga Porcupine (level 27, 177/298 HPs)
             Began as a Naga Fighter on May 31, 2023.
             Was an Elder of the Shining One.
             Escaped with the Orb
             ... and 5 runes!
             The game lasted 03:00:57 (71711 turns).

TittyCrusher the Naga Porcupine (Naga Fighter)     Turns: 71711, Time: 03:00:58

Health: 177/298    AC: 44    Str: 36    XL:     27
Magic:  32/34      EV: 24    Int:  9    God:    the Shining One [****..]
Gold:   3711       SH:  0    Dex: 39    Spells: 24/26 levels left

rFire   + . .        a - +9 bardiche (heavy)
rCold   . . .        (shield currently unavailable)
rNeg    + + +        c - +6 gold dragon scales
rPois   +            m - +0 hat "Sut Lom" {-Cast Str+4 Slay+5}
rElec   +            x - scarf of Apso {+Inv, rN+ rCorr Dex+4}
rCorr   +            U - +2 pair of gloves
SInv    +            J - +2 barding of the Greedy {Drain rElec rCorr Dex+6}
Will    +++..        g - amulet of Atusymp {Acrobat -Cast Str+4 Slay+5} Stlth
                     X - +6 ring of dexterity
HPRegen 0.69/turn    K - +6 ring of strength
MPRegen 0.24/turn

%: no spellcasting, acrobat, clarity
@: glowing, studying 2 skills, very slow
A: AC +9, large, see invisible, deformed body, poison resistance, slowness 2,
spit poison 1, naga tail 2, agile 1, clarity, screaming 2, cold vulnerability 1,
MP-powered wands
0: Orb of Zot
}: 5/15 runes: serpentine, barnacled, slimy, silver, abyssal
a: Spit Poison, Renounce Religion, Evoke Invisibility, Divine Shield, Cleansing
Flame


You escaped.
You worshipped the Shining One.
The Shining One was greatly pleased with you.
You visited 12 branches of the dungeon, and saw 54 of its levels.
You visited the Abyss 2 times.
You also visited: Sewer and Gauntlet.

You collected 8616 gold pieces.
You spent 4905 gold pieces at shops.

Inventory:

Hand Weapons
 a - a +9 heavy bardiche (weapon)
 C - a +7 vampiric bardiche
Missiles
 D - 4 throwing nets (quivered)
Armour
 c - +6 gold dragon scales (worn)
 m - the +0 hat "Sut Lom" (worn) {-Cast Str+4 Slay+5}
   (You found it on level 4 of the Realm of Zot)

   Str:       It affects your strength (+4).
   Slay:      It affects your accuracy & damage with ranged weapons and melee
   (+5).
   -Cast:     It prevents spellcasting.
 x - the scarf of Apso (worn) {+Inv, rN+ rCorr Dex+4}
   (Okawaru gifted it to you on level 5 of the Vaults)

   Dex:       It affects your dexterity (+4).
   rN:        It protects you from negative energy.
   rCorr:     It protects you from acid and corrosion.
 J - the +2 barding of the Greedy (worn) {Drain rElec rCorr Dex+6}
   (Okawaru gifted it to you on level 4 of the Pits of Slime)

   Dex:       It affects your dexterity (+6).
   rElec:     It insulates you from electricity.
   rCorr:     It protects you from acid and corrosion.
   Drain:     It drains your maximum health when unequipped.
 U - a +2 pair of gloves (worn)
Jewellery
 b - the macabre finger necklace {Finger+ rN+}
   (You found it on level 1 of the Realm of Zot)

   [amulet of nothing]

   Finger+:   It enables you to equip an extra ring.
   rN:        It protects you from negative energy.
 g - the amulet of Atusymp (around neck) {Acrobat -Cast Str+4 Slay+5}
   (You found it in a Gauntlet)

   [amulet of the acrobat]

   It increases your evasion while moving and waiting.
   Str:       It affects your strength (+4).
   Slay:      It affects your accuracy & damage with ranged weapons and melee
   (+5).
   -Cast:     It prevents spellcasting.
 l - an amulet of regeneration
 o - the amulet "Toppoog" {Faith +Inv rF+++ rCorr Dex-4}
   (You found it on level 1 of the Realm of Zot)

   [amulet of faith]

   It allows you to gain divine favour quickly.
   Dex:       It affects your dexterity (-4).
   rF:        It renders you almost immune to fire.
   +Inv:      It lets you turn invisible.
   rCorr:     It protects you from acid and corrosion.
 r - a ring of wizardry
 v - the amulet "Ponimo" {Spirit Rampage *Slow rPois Dex+2}
   (You found it in a Gauntlet)

   [amulet of guardian spirit]

   It causes incoming damage to be divided between your reserves of health and
   magic.
   Dex:       It affects your dexterity (+2).
   rPois:     It protects you from poison.
   *Slow:     It may slow you when you take damage.
   Rampage:   It bestows one free step when moving towards enemies.
 z - a ring of protection from fire
 F - the ring "Qofiyn" {+Blink rCorr Int+5 Dex-4}
   (You found it on level 2 of the Depths)

   [ring of resist corrosion]

   Int:       It affects your intelligence (+5).
   Dex:       It affects your dexterity (-4).
   +Blink:    It lets you blink.
   rCorr:     It protects you from acid and corrosion.
 H - a ring of willpower
 K - a +6 ring of strength (right hand)
 L - a ring of positive energy
 M - the ring "Fosobruo" {Wiz *Corrode Fly rPois}
   (You took it off a deep elf elementalist on level 3 of the Elven Halls)

   [ring of wizardry]

   It improves your spell success rate.
   rPois:     It protects you from poison.
   Fly:       It grants you flight.
   *Corrode:  It may corrode you when you take damage.
 T - a ring of protection from fire
 X - a +6 ring of dexterity (left hand)
 Y - a ring of protection from cold
Wands
 d - a wand of quicksilver (48)
 B - a wand of roots (52)
 I - a wand of digging (23)
 Q - a wand of mindburst (49)
 S - a wand of flame (110)
Scrolls
 p - 3 scrolls of fear
 s - 2 scrolls of blinking
 u - 8 scrolls of teleportation
 A - 7 scrolls of magic mapping
 E - 9 scrolls of immolation
 N - 6 scrolls of vulnerability
 R - 4 scrolls of poison
 V - 30 scrolls of identify
 Z - 4 scrolls of brand weapon
Potions
 e - 2 potions of might
 f - 11 potions of attraction
 h - 19 potions of curing
 i - 8 potions of enlightenment
 j - 5 potions of magic
 k - 8 potions of haste
 n - 12 potions of mutation
 q - 4 potions of brilliance
 t - 8 potions of cancellation
 w - a potion of heal wounds
 y - 3 potions of invisibility
 G - 5 potions of resistance
 O - 8 potions of lignification
Miscellaneous
 P - a lightning rod (4/4)


   Skills:
 O Level 27 Fighting
 O Level 27 Polearms
 + Level 18.3 Armour
 - Level 19.9 Dodging
 - Level 2.6 Shields
 - Level 2.4 Translocations
 - Level 15.0 Invocations
 - Level 15.9 Evocations


You had 24 spell levels left.
You knew the following spells:

 Your Spells              Type           Power      Damage    Failure   Level
a - Blink                 Tloc           8%         N/A       87%         2

Your spell library contained the following spells:

 Spells                   Type           Power      Damage    Failure   Level
 Apportation              Tloc           8%         N/A       75%         1
 Lesser Beckoning         Tloc           8%         N/A       87%         2
 Momentum Strike          Conj/Tloc      4%         3d8       96%         2
 Foxfire                  Conj/Fire      0%         2x1d4     97%         1
 Freeze                   Ice            0%         1d3       97%         1
 Magic Dart               Conj           0%         1d3       97%         1
 Shock                    Conj/Air       0%         1d3       97%         1
 Cigotuvi's Dreadful Rot  Necr/Pois/Air  0%         N/A       99%         2
 Ensorcelled Hibernation  Hex/Ice        0%         N/A       99%         2
 Passwall                 Tmut/Erth      0%         N/A       99%         2
 Scorch                   Fire           0%         2d5       99%         2
 Searing Ray              Conj           0%         2d4       99%         2
 Portal Projectile        Hex/Tloc       4%         N/A       99%         3
 Volatile Blastmotes      Fire/Tloc      4%         2d10      99%         3
 Call Canine Familiar     Summ           0%         N/A       100%        3
 Dazzling Flash           Conj/Hex       0%         N/A       100%        3
 Frozen Ramparts          Ice            0%         1d1       100%        3
 Hailstorm                Conj/Ice       0%         3d3       100%        3
 Ignite Poison            Fire/Tmut/Pois 0%         N/A       100%        3
 Inner Flame              Hex/Fire       0%         N/A       100%        3
 Ozocubu's Armour         Ice            0%         N/A       100%        3
 Spider Form              Tmut/Pois      0%         N/A       100%        3
 Swiftness                Air            0%         N/A       100%        3
 Tukima's Dance           Hex            0%         N/A       100%        3
 Airstrike                Air            0%         2d(0-16)  100%        4
 Anguish                  Hex/Necr       0%         N/A       100%        4
 Animate Dead             Necr           0%         N/A       100%        4
 Cause Fear               Hex            0%         N/A       100%        4
 Dispel Undead            Necr           0%         3d6       100%        4
 Fulminant Prism          Conj/Hex       0%         3d5       100%        4
 Ice Form                 Ice/Tmut       0%         N/A       100%        4
 Iskenderun's Mystic Bla  Conj/Tloc      2%         2d3       100%        4
 Leda's Liquefaction      Hex/Erth       0%         N/A       100%        4
 Manifold Assault         Tloc           4%         N/A       100%        4
 Olgreb's Toxic Radiance  Pois           0%         N/A       100%        4
 Passage of Golubria      Tloc           4%         N/A       100%        4
 Petrify                  Tmut/Erth      0%         N/A       100%        4
 Sticky Flame             Conj/Fire      0%         2d3       100%        4
 Summon Ice Beast         Ice/Summ       0%         N/A       100%        4
 Agony                    Necr           0%         N/A       100%        5
 Alistair's Intoxication  Tmut/Pois      0%         N/A       100%        5
 Blade Hands              Tmut           0%         N/A       100%        5
 Borgnjor's Vile Clutch   Necr/Erth      0%         N/A       100%        5
 Fireball                 Conj/Fire      0%         3d3       100%        5
 Freezing Cloud           Conj/Ice/Air   0%         6-21      100%        5
 Irradiate                Conj/Tmut      0%         3d11      100%        5
 Iskenderun's Battlesphe  Conj           0%         2d6       100%        5
 Lee's Rapid Deconstruct  Erth           0%         3d4*      100%        5
 Metabolic Englaciation   Hex/Ice        0%         N/A       100%        5
 Silence                  Hex/Air        0%         N/A       100%        5
 Yara's Violent Unravell  Hex/Tmut       0%         3d3       100%        5
 Conjure Ball Lightning   Conj/Air       0%         3x3d6     100%        6
 Death Channel            Necr           0%         N/A       100%        6
 Dispersal                Tloc           2%         N/A       100%        6
 Eringya's Noxious Bog    Tmut/Pois      0%         N/A       100%        6
 Leda's Unmaking          Conj/Erth      0%         9d1       100%        6
 Plasma Beam              Fire/Air       0%         2x1d11    100%        6
 Simulacrum               Ice/Necr       0%         N/A       100%        6
 Starburst                Conj/Fire      0%         6d3       100%        6
 Statue Form              Tmut/Erth      0%         N/A       100%        6
 Dragon Form              Tmut           0%         N/A       100%        7
 Enfeeble                 Hex            0%         N/A       100%        7
 Ozocubu's Refrigeration  Ice            0%         4d7       100%        7
 Spellforged Servitor     Conj/Summ      0%         N/A       100%        7
 Storm Form               Tmut/Air       0%         N/A       100%        7
 Borgnjor's Revivificati  Necr           0%         N/A       100%        8
 Discord                  Hex            0%         N/A       100%        8
 Disjunction              Tloc           2%         N/A       100%        8
 Ignition                 Fire           0%         3d3       100%        8
 Lehudib's Crystal Spear  Conj/Erth      0%         10d2      100%        8
 Necromutation            Tmut/Necr      0%         N/A       100%        8
 Chain Lightning          Conj/Air       0%         N/A       100%        9
 Death's Door             Necr           0%         N/A       100%        9
 Fire Storm               Conj/Fire      0%         5d1       100%        9
 Polar Vortex             Ice            0%         N/A       100%        9
 Shatter                  Erth           0%         3d5*      100%        9


Dungeon Overview and Level Annotations

Branches:
Dungeon (15/15)            Temple (1/1) D:6            Lair (5/5) D:8
 Shoals (4/4) Lair:2        Snake (4/4) Lair:2        Slime (5/5) Lair:4
    Orc (2/2) D:11            Elf (3/3) Orc:2        Vaults (5/5) D:13
  Crypt (1/3) Vaults:2     Depths (4/4) D:15            Zot (5/5) Depths:4
  Sewer (visited)         Gauntlet (visited)

Altars:
Ashenzari
Cheibriados
Dithmenos
Elyvilon
Fedhas
Gozag
Hepliaklqana
Kikubaaqudgha
Makhleb
Nemelex Xobeh
Okawaru
Qazlal
Ru
Sif Muna
Trog
Uskayaw
Vehumet
Wu Jian
Xom
Yredelemnul
Zin
The Shining One
Jiyva

Shops:
D:5 *   D:8 :   Orc:2 *:[(   Elf:1 =   Elf:2 =:=   Elf:3 :?   Shoals:1 (
Snake:1 :   Snake:2 **   Snake:4 *   Depths:1 [   Depths:3 (   Depths:4 (

Portals:
Hell: Depths:1 Depths:2 Depths:3 Depths:4
Abyss: Depths:3
Pandemonium: Depths:1 Depths:2 Depths:3
Ziggurat: Depths:2


Innate Abilities, Weirdness & Mutations

Your serpentine skin is tough. (AC +9)
You have supernaturally acute eyesight. (SInv)
Armour fits poorly on your strangely shaped body.
Your system is resistant to poisons. (rPois)
You cover ground very slowly.
You can spit poison.
You can use your snake-like lower body to constrict enemies.
You are agile. (Dex +4, Str/Int -1)
You possess an exceptional clarity of mind.
You frequently scream uncontrollably at your foes.
You are vulnerable to cold. (rC-)
You expend magic power (3 MP) to strengthen your wands.


Message History

You climb upwards.
There is a stone staircase leading down here.
An Orb Guardian comes into view.
You reach to attack!
You slice the Orb Guardian like a ripe choko!!!
The Orb Guardian is severely wounded.
The Orb Guardian hits you but does no damage.
You slice the Orb Guardian like a ripe choko!!!!
You kill the Orb Guardian!
There is a stone staircase leading up here.
You climb upwards.
There is a stone staircase leading down here.
The Brimstone Fiend roars!
There is an open door here.
The Brimstone Fiend hits the bush!
The Brimstone Fiend hits the bush but does no damage.
The Brimstone Fiend hits the bush.
There is a staircase leading out of the dungeon here.
Aiming: Dig
Press: ? - help, Shift-Dir - straight line, f - you Please select a direction to dig.
A staircase leading out of the dungeon.
This square is lit by a halo and is covered in magical glow.
You feel a surge of power!
The rock shatters into small pieces.
The Brimstone Fiend calls on the powers of darkness!
Your body is wracked with pain!
You reach to attack!
You open the Brimstone Fiend like a pillowcase!!!
The Brimstone Fiend is moderately wounded.
You cut the Brimstone Fiend into ribbons!!!
You grab the Brimstone Fiend.
The Brimstone Fiend is almost dead.
You constrict the Brimstone Fiend. The Brimstone Fiend gestures at you.
The sphere of damnation explodes!
The damnation engulfs you!!
The damnation engulfs the Brimstone Fiend.
The Brimstone Fiend completely resists.
You slash the Brimstone Fiend!
You kill the Brimstone Fiend!
The Shining One accepts your kill.
You have escaped!

.....######...........#..........
.....'....######'####.#[.........
.....###.#.##PP#.#PP###..........
.....+.#.##.PPP#.#~~P##..........
##...#.#.##P...#.#~~~P######...##
##...#.#.#P.P..#.#~~~~P# #.....
.....#.#.#P....#.#~~~~P# #....#
.....#.#.######..###########.....
.....#'#.+......@......+.........
.........#######.#########.......
####.....#P~~~~#.#...PP# ##......
#.....#P~~~~#.#....P# #......
#.....##P~~~#.#..PP## #......
####.###.###P~~#.#.PP## #......
.........####PP#.#PP## ###......
######......####+########...#####
.....#..>.................###


There were no monsters in sight!

Vanquished Creatures
  the Royal Jelly (Slime:5)
  2 seraphim
  2 dread liches
  3 ancient liches
  11 orbs of fire
  The ghost of Unkupp the Slayer, a veteran OgBe of Trog (Zot:4)
  2 juggernauts
  Frederick (Vaults:5)
  6 Killer Klowns
  Bai Suzhen (Vaults:5)
  Vashnia (Snake:4)
  3 curse toes
  The ghost of Cakioj the Sorcerer, a veteran DjCj of the Shining One (Depths:4)
  Xtahua (Depths:3)
  Nikola (D:15)
  13 golden dragons
  A golden dragon (shapeshifter) (Vaults:5)
  Jory (Vaults:5)
  4 bone dragons
  3 profane servitors
  A Tzitzimitl (Depths:2)
  5 electric golems
  An iron giant (Zot:4)
  2 Brimstone Fiends
  2 pandemonium lords (Zot:1)
  2 Ice Fiends
  Jorgrun (D:13)
  16 tentacled monstrosities
  Zenata (Vaults:3)
  34 Orb Guardians
  2 quicksilver dragons
  5 liches
  3 titans
  3 deep elf blademasters (Elf:3)
  Asterion (Vaults:3)
  The ghost of AlmostDecent the Warlock, an adept GnEE of Vehumet (Snake:4)
  3 ancient champions
  Frances (Snake:1)
  21 acid blobs
  A deep elf master archer (Elf:3)
  13 death cobs
  4 tentacled starspawn (Abyss:3)
  4 Executioners
  Gastronok (D:9)
  Kirke (D:14)
  7 sphinxes
  8 storm dragons
  An eldritch tentacle (Zot:1)
  10 tengu reavers
  7 shadow dragons
  6 rockslimes
  A daeva (D:12)
  A demonspawn warmonger (D:10)
  5 nagarajas (Snake:4)
  5 fire giants
  11 azure jellies
  8 deep elf sorcerers
  4 draconian monks
  3 draconian knights (Zot:5)
  12 frost giants
  6 draconian scorchers
  2 balrugs
  14 vault wardens
  4 iron dragons
  A curse skull (Depths:3)
  The ghost of Puubajux the Bludgeoner, an adept GrFi of Gozag (Snake:2)
  5 deep elf elementalists (Elf:3)
  6 ghost moths
  4 orc warlords
  2 ghouls (Crypt:1)
  9 draconian shifters
  3 draconian stormcallers
  15 ironbound preservers
  8 quicksilver oozes
  2 angels (Depths:2)
  A demonspawn blood saint (D:10)
  3 cacodemons
  5 draconian annihilators
  8 ironbound thunderhulks
  29 stone giants
  A spriggan defender (Depths:3)
  3 war gargoyles
  2 reapers
  A formless jellyfish (Vaults:3)
  4 vampire knights
  13 deep elf demonologists
  6 green draconians
  22 very ugly things
  7 black draconians
  12 red draconians
  A lorocyproca (D:9)
  5 purple draconians
  14 dire elephants
  2 starflowers (Abyss:3)
  9 yellow draconians
  A minotaur (Gauntlet)
  12 deep elf annihilators
  11 white draconians
  3 green deaths
  Snorg (Lair:5)
  12 ettins
  2 blizzard demons
  2 crystal guardians (Vaults:4)
  18 fire dragons
  3 merfolk javelineers
  6 deep elf death magi
  20 yaktaur captains
  The ghost of Zinwir the Markskobold, a journeyman KoHu of Hepliaklqana (Lair:4)
  4 entropy weavers
  13 merfolk impalers
  Josephine (Snake:1)
  14 great orbs of eyes
  2 jiangshi (Crypt:1)
  32 vault guards
  12 deep elf high priests
  6 hydras
  5 spriggan air magi
  An ice dragon (shapeshifter) (Depths:2)
  2 peacekeepers
  10 ice dragons
  A catoblepas (shapeshifter) (Vaults:5)
  Erica (D:9)
  6 rakshasas
  2 merfolk avatars (Shoals:3)
  2 death knights
  7 anacondas
  7 merfolk aquamancers
  2 salamander tyrants (Snake:4)
  The ghost of Laraso the Basher, a novice AtFi of Okawaru (D:9)
  8 ironbound frosthearts
  6 ogre magi
  4 boulder beetles
  21 centaur warriors
  The ghost of Chodeload the Covert, a journeyman OpWn of Vehumet (D:10)
  4 satyrs (Shoals:4)
  An alligator (shapeshifter) (Vaults:5)
  4 alligator snapping turtles
  6 two-headed ogres
  The ghost of Licon the Cleaver, a novice DgFi (D:9)
  4 death yaks (Lair:1)
  22 dancing weapons
  18 tengu warriors
  3 deep troll earth magi
  9 naga sharpshooters
  11 naga warriors
  3 thrashing horrors (Abyss:3)
  4 deep troll shamans
  A vampire mage (Crypt:1)
  4 orc high priests
  A shock serpent (shapeshifter) (Elf:3)
  Urug (D:12)
  7 shock serpents
  10 soul eaters
  3 sun demons (Depths:3)
  10 spriggan berserkers
  2 hell knights
  Sonja (D:12)
  Amaemon (Lair:3)
  21 deep elf knights
  3 wretched stars (Abyss:3)
  An iron troll (Depths:4)
  13 skeletal warriors
  7 skysharks
  18 large abominations
  A shadow wraith (Abyss:3)
  A sea snake (shapeshifter) (Vaults:5)
  4 salamander mystics
  3 sixfirhies
  A shadow demon (D:12)
  2 cherubim (Depths:1)
  8 sea snakes
  2 flayed ghosts
  12 naga ritualists
  A bog body (Crypt:1)
  34 deep trolls
  5 phantasmal warriors
  13 deep elf archers
  5 glowing orange brains
  15 lindwurms
  9 wizards
  An obsidian statue (Snake:4)
  A golden dragon skeleton (Depths:1)
  2 necromancers
  19 ironbound convokers
  11 harpies
  A frost giant zombie (Vaults:2)
  33 deep elf zephyrmancers
  11 orc knights
  31 deep elf pyromancers
  16 salamanders
  A jorogumo skeleton (Crypt:1)
  9 orc sorcerers
  23 ugly things
  2 oklob plants
  13 cyclopes
  11 mana vipers
  28 fauns
  3 wolf spiders
  3 shining eyes
  A salamander (shapeshifter) (Elf:1)
  29 moths of wrath
  5 worldbinders
  A sphinx skeleton (Crypt:1)
  A frost giant skeleton (Depths:1)
  A fire giant skeleton (Vaults:3)
  A toenail golem (Zot:5)
  12 manticores
  6 guardian serpents (Snake:4)
  30 black mambas
  12 elephants
  19 naga magi
  33 vault sentinels
  An apocalypse crab (Gauntlet)
  3 gargoyles
  14 merfolk sirens
  A catoblepas zombie (Abyss:2)
  Maggie (D:9)
  6 water nymphs
  A torpor snail (Lair:1)
  A rime drake (shapeshifter) (D:14)
  33 yaktaurs
  5 orange demons
  2 rime drakes
  A kobold demonologist (Depths:3)
  5 unseen horrors
  2 eyes of devastation
  7 komodo dragons
  12 cane toads
  An unseen horror (shapeshifter) (D:15)
  2 hellions
  A tormentor (D:7)
  10 tengu conjurers
  5 freezing wraiths
  2 efreet
  A queen bee (D:10)
  2 ice devils
  An ancient zyme (Abyss:2)
  15 merfolk
  A tengu simulacrum (Vaults:3)
  11 trolls
  A red devil (Zot:1)
  A hellwing (Zot:1)
  9 polar bears
  A hornet (shapeshifter) (D:13)
  A silent spectre (Depths:3)
  Grinder (Sewer)
  Prince Ribbit (D:8)
  5 wind drakes
  9 hornets
  28 blink frogs
  A jumping spider (shapeshifter) (D:13)
  A raiju (Abyss:2)
  8 snapping turtles
  A spriggan zombie (Depths:1)
  A stone giant simulacrum (Vaults:3)
  14 dream sheep
  4 air elementals
  A centaur simulacrum (D:15)
  76 slime creatures
  6 shadows
  17 spriggans
  5 wyverns
  An ettin skeleton (Vaults:3)
  27 water elementals
  5 fire elementals
  9 wraiths
  51 yaks
  A ynoxinul (Zot:4)
  4 hogs (D:14)
  A basilisk (shapeshifter) (D:14)
  3 fire bats (Abyss:3)
  4 basilisks
  Grum (Lair:1)
  5 golden eyes (Slime:5)
  3 chaos spawn
  4 neqoxecs
  3 steam dragons
  32 starcursed masses
  12 humans
  18 vampire mosquitoes
  A redback simulacrum (D:15)
  21 redbacks
  3 wargs
  36 nagas
  4 swamp worms (Lair:4)
  3 acid dragons
  6 floating eyes
  18 water moccasins
  51 orc warriors
  9 small abominations
  6 ice beasts
  4 black bears
  38 wolves
  A deep troll simulacrum (Vaults:2)
  A black bear (shapeshifter) (Depths:4)
  16 ogres
  A human skeleton (Vaults:2)
  6 boggarts
  6 centaurs
  A phantom (D:5)
  6 kobold brigands
  2 human zombies
  6 gnoll sergeants
  17 bullfrogs
  A wyvern zombie (Crypt:1)
  3 necrophages
  2 scorpions
  5 earth elementals
  10 wights
  A hornet simulacrum (D:15)
  2 human simulacra
  21 killer bees
  6 howler monkeys
  A centaur zombie (Crypt:1)
  2 hounds
  3 quasits
  5 jellies
  20 orc priests
  5 iguanas
  2 iron imps
  A sleepcap (D:7)
  Terence (D:2)
  Natasha (thrice) (D:3)
  24 orc wizards
  12 hell rats
  14 gnolls
  7 adders
  9 shadow imps
  3 white imps
  9 ufetubi
  3 worms (D:3)
  4 dart slugs
  110 orcs
  11 ball pythons
  7 endoplasms
  5 giant cockroaches
  9 goblins
  3 hobgoblins
  30 kobolds
  A quokka (D:4)
  12 bats
  A frilled lizard (D:2)
  A giant cockroach zombie (Sewer)
  4 kobold zombies (Sewer)
  3 rats (D:1)
  A starspawn tentacle (Abyss:3)
2613 creatures vanquished.

Vanquished Creatures (others)
  A tentacled monstrosity (Vaults:5)
  A white draconian (Zot:3)
  A red draconian (Zot:2)
  A deep elf high priest (Elf:3)
  A necromancer (Depths:1)
  A deep elf zephyrmancer (Elf:3)
  A faun (Shoals:3)
  A kobold demonologist (Depths:3)
  A yaktaur skeleton (Vaults:2)
  2 water elementals
  A naga (Snake:4)
  An acid dragon (Zot:1)
  A boggart (Vaults:2)
  An orc priest (Orc:2)
  An orc wizard (Orc:1)
  A shadow imp (D:11)
  2 orcs
  10 starspawn tentacles (Abyss:3)
29 creatures vanquished.

Grand Total: 2642 creatures vanquished

Notes
Turn   | Place    | Note
-------+----------+-------------------------------------------
     0 | D:1      | TittyCrusher the Naga Fighter began the quest for the Orb.
     0 | D:1      | Reached XP level 1. HP: 21/21 MP: 1/1
   204 | D:1      | Reached XP level 2. HP: 25/28 MP: 2/2
   960 | D:1      | Reached XP level 3. HP: 34/34 MP: 3/3
  1096 | D:2      | Found a faded altar of an unknown god.
  1097 | D:2      | Noticed Terence
  1108 | D:2      | Killed Terence
  1290 | D:2      | Reached XP level 4. HP: 42/42 MP: 4/4
  1880 | D:3      | Noticed Natasha
  1886 | D:3      | Killed Natasha
  1887 | D:3      | Reached skill level 5 in Polearms
  1887 | D:3      | Reached XP level 5. HP: 49/49 MP: 5/5
  1960 | D:3      | Noticed Natasha
  1971 | D:3      | Killed Natasha
  2278 | D:3      | Found a glowing drain.
  2287 | Sewer    | Entered a sewer
  2463 | Sewer    | Reached XP level 6. HP: 31/56 MP: 6/6
  2579 | Sewer    | Found an ancient bone altar of Kikubaaqudgha.
  2681 | Sewer    | Noticed Grinder
  2696 | Sewer    | Killed Grinder
  2697 | Sewer    | Reached XP level 7. HP: 62/62 MP: 7/7
  2730 | Sewer    | Identified the +4 war axe of Sibivea {protect, Dex+5 SInv}
  3204 | D:3      | Noticed Natasha
  3215 | D:3      | Killed Natasha
  3969 | D:4      | Gained mutation: You are agile. (Dex +4, Str/Int -1)
                  | [potion of mutation]
  3978 | D:4      | Reached XP level 8. HP: 55/69 MP: 8/8
  4300 | D:5      | Entered Level 5 of the Dungeon
  4732 | D:5      | Reached skill level 10 in Polearms
  5140 | D:5      | Found Ehoeter's General Store.
  5142 | D:5      | Found Maedithi's Specific Store.
  5151 | D:5      | Bought a scroll of fog for 44 gold pieces
  5151 | D:5      | Bought a potion of resistance for 110 gold pieces
  5635 | D:6      | Found a staircase to the Ecumenical Temple.
  5647 | Temple   | Entered the Ecumenical Temple
  5813 | Temple   | Became a worshipper of Warmaster Okawaru
  5977 | D:6      | Reached XP level 9. HP: 75/75 MP: 9/9
  6211 | D:6      | Reached XP level 10. HP: 84/84 MP: 10/10
  6513 | D:7      | Found a radiant altar of Vehumet.
  6653 | D:7      | Reached * piety under Okawaru
  7407 | D:8      | Reached skill level 5 in Armour
  7431 | D:8      | Found a staircase to the Lair.
  7439 | D:8      | Reached ** piety under Okawaru
  7591 | D:8      | Found Egiuriri's Self-Improvement Boutique.
  7668 | D:8      | Reached skill level 5 in Fighting
  7668 | D:8      | Reached XP level 11. HP: 97/97 MP: 11/11
  7883 | D:8      | Noticed Prince Ribbit
  7891 | D:8      | Killed Prince Ribbit
  7989 | D:8      | Found a sacrificial altar of Ru.
  8066 | D:8      | Found a burning altar of Makhleb.
  8085 | D:9      | Noticed Gastronok
  8088 | D:9      | Reached *** piety under Okawaru
  8106 | D:9      | Killed Gastronok
  8107 | D:9      | Reached XP level 12. HP: 101/104 MP: 12/12
  8176 | D:9      | Reached **** piety under Okawaru
  8176 | D:9      | Noticed Maggie
  8191 | D:9      | Killed Maggie
  8497 | D:9      | Found a runed translucent gate.
  8497 | D:9      | Found a runed translucent gate.
  8497 | D:9      | Found a runed translucent gate.
  8498 | D:9      | Noticed Laraso's ghost (novice AtFi)
  8499 | D:9      | Noticed Licon's ghost (novice DgFi)
  8636 | D:9      | Noticed a five-headed hydra
  8649 | D:9      | Killed a five-headed hydra
  8828 | D:9      | Found a glowing silver altar of Zin.
  8842 | D:9      | Noticed Erica
  8854 | D:9      | Killed Erica
  9191 | Lair:1   | Entered Level 1 of the Lair of Beasts
  9228 | Lair:1   | Noticed Grum
  9244 | Lair:1   | Killed Grum
  9250 | Lair:1   | Reached skill level 5 in Invocations
  9257 | Lair:1   | Reached ***** piety under Okawaru
 10006 | Lair:1   | Received a gift from Okawaru
 10135 | Lair:1   | Reached skill level 5 in Dodging
 10170 | Lair:1   | Gained mutation: You can use your snake-like lower body to
                  | constrict enemies. [Naga growth]
 10170 | Lair:1   | Reached XP level 13. HP: 72/111 MP: 19/19
 10455 | Lair:1   | Received a gift from Okawaru
 11109 | Lair:2   | Identified the +4 robe "Lywkar Myso" {rPois}
 11643 | Lair:2   | Found a staircase to the Snake Pit.
 11905 | Lair:2   | Found a staircase to the Shoals.
 12381 | Lair:3   | Received a gift from Okawaru
 12541 | Lair:3   | Received a gift from Okawaru
 12632 | Lair:3   | Noticed Amaemon
 12647 | Lair:3   | Killed Amaemon
 12648 | Lair:3   | Reached skill level 10 in Dodging
 13103 | Lair:4   | Found a runed translucent gate.
 13103 | Lair:4   | Found a runed translucent gate.
 13104 | Lair:4   | Found a runed translucent gate.
 13104 | Lair:4   | Noticed Zinwir's ghost (journeyman KoHu)
 13106 | Lair:4   | Found a transporter.
 13173 | Lair:4   | Reached XP level 14. HP: 54/112 MP: 18/20
 13460 | Lair:4   | Found a runed translucent door.
 13478 | Lair:4   | Found a transporter.
 13569 | Lair:4   | Found a staircase to the Slime Pits.
 13943 | Lair:5   | Entered Level 5 of the Lair of Beasts
 13969 | Lair:5   | Identified the +5 chain mail of the Forgotten Loafs {rF-
                  | Str+3 Int+5 Slay+3} (Okawaru gifted it to you on level 5 of
                  | the Lair of Beasts)
 13969 | Lair:5   | Received a gift from Okawaru
 14673 | Lair:5   | Reached skill level 10 in Fighting
 15107 | Lair:5   | Noticed Snorg
 15115 | Lair:5   | Killed Snorg
 15213 | Lair:5   | Identified the +1 robe "Odosmiec" {Will+ Slay+2} (Okawaru
                  | gifted it to you on level 5 of the Lair of Beasts)
 15213 | Lair:5   | Received a gift from Okawaru
 15544 | Lair:5   | Reached XP level 15. HP: 63/138 MP: 21/21
 16171 | D:9      | Killed Licon's ghost
 16196 | D:9      | Killed Laraso's ghost
 16366 | Lair:4   | Killed Zinwir's ghost
 16383 | Lair:4   | Identified a scroll of acquirement
 16384 | Lair:4   | Acquired a manual of Dodging
 16450 | Lair:4   | HP: 6/138 [poison (dark miasma)]
 16829 | D:10     | Entered Level 10 of the Dungeon
 16928 | D:10     | Found a transporter.
 16928 | D:10     | Found a transporter.
 16979 | D:10     | Noticed Chodeload's ghost (journeyman OpWn)
 17116 | D:10     | Learned a level 2 spell: Blink
 17297 | D:10     | Reached skill level 1 in Translocations
 17562 | D:11     | Found a gate leading to a gauntlet.
 17571 | Gauntlet | Entered a Gauntlet
 17571 | Gauntlet | Found a transporter.
 17571 | Gauntlet | Found a transporter.
 17575 | Gauntlet | Found a transporter.
 17575 | Gauntlet | Found a transporter.
 17586 | Gauntlet | Found a transporter.
 17593 | Gauntlet | Found a transporter.
 17603 | Gauntlet | Found a transporter.
 17603 | Gauntlet | Found a transporter.
 17607 | Gauntlet | Found a transporter.
 17634 | Gauntlet | Found a transporter.
 17643 | Gauntlet | Found a transporter.
 17663 | Gauntlet | Found a transporter.
 17708 | Gauntlet | Found a transporter.
 17722 | Gauntlet | Found a transporter.
 17825 | Gauntlet | Found a transporter.
 17841 | Gauntlet | Found a transporter.
 17960 | Gauntlet | Identified the amulet of Atusymp {Acrobat -Cast Str+4
                  | Slay+5}
 18019 | Gauntlet | Identified the +5 falchion of Ignis's Respect {freeze,
                  | Dex+3}
 18146 | Gauntlet | Identified the amulet "Ponimo" {Spirit Rampage *Slow rPois
                  | Dex+2}
 18166 | Gauntlet | Identified the staff of conjuration "Huimem" {Str+3}
 18180 | Gauntlet | Identified the +5 long sword "Dragonbane" {heavy, rElec rC-
                  | rCorr Int+3}
 18334 | D:11     | Found a staircase to the Orcish Mines.
 18660 | D:11     | Found the +3 giant club "Skullcrusher" {speed, Str+7}
 18712 | D:11     | Found a shimmering altar of Xom.
 19022 | D:12     | Noticed Sonja
 19029 | D:12     | Killed Sonja
 19566 | D:12     | Noticed Urug
 19573 | D:12     | Killed Urug
 19962 | D:13     | Received a gift from Okawaru
 19973 | D:13     | Noticed a tengu reaver
 19987 | D:13     | Killed a tengu reaver
 20252 | D:13     | Reached skill level 15 in Dodging
 20409 | D:13     | Noticed a tengu reaver
 20434 | D:13     | Killed a tengu reaver
 20598 | D:13     | Got the Tractate on Hoarfrost and Calefaction
 20664 | D:13     | Reached XP level 16. HP: 146/146 MP: 22/22
 21073 | D:13     | Noticed Jorgrun
 21082 | D:13     | Killed Jorgrun
 21082 | D:13     | Received a gift from Okawaru
 21384 | D:13     | Found a gate to the Vaults.
 22477 | D:14     | Noticed Kirke
 22499 | D:14     | Killed Kirke
 22842 | D:15     | Entered Level 15 of the Dungeon
 23382 | D:15     | Received a gift from Okawaru
 23699 | D:15     | Found a staircase to the Depths.
 24079 | Orc:1    | Entered Level 1 of the Orcish Mines
 24118 | Orc:1    | You are sucked into a shaft and drop 1 floor!
 24118 | Orc:2    | Entered Level 2 of the Orcish Mines
 24132 | Orc:2    | Found Budoshimu's General Store.
 24416 | Orc:2    | Bought a scroll of fog for 56 gold pieces
 24498 | Orc:2    | Reached XP level 17. HP: 127/153 MP: 16/23
 24646 | Orc:2    | Identified the +0 tower shield "Xary" {Harm Str-5 SInv}
                  | (Okawaru gifted it to you on level 2 of the Orcish Mines)
 24646 | Orc:2    | Received a gift from Okawaru
 24825 | Orc:2    | Found Usydgh's Book Shoppe.
 25000 | Orc:2    | Found Qamierph's Antique Armour Shoppe.
 25007 | Orc:2    | Found a staircase to the Elven Halls.
 25159 | Orc:2    | Found Uzorchaf's Antique Weapon Boutique.
 25575 | Orc:2    | Bought a manual of Dodging for 1120 gold pieces
 26168 | Snake:1  | Entered Level 1 of the Snake Pit
 26230 | Snake:1  | Noticed Frances
 26587 | Snake:1  | Killed Frances
 26712 | Snake:1  | Noticed Josephine
 26719 | Snake:1  | Killed Josephine
 26910 | Snake:1  | Found Bajomon's Tremendous Tomes.
 27101 | Snake:2  | Found Sopulo Epha's Neck Hole.
 27251 | Snake:2  | Reached skill level 10 in Armour
 27400 | Snake:2  | Found Xejeig's Assorted Antiques.
 27408 | Snake:2  | Bought a potion of heal wounds for 160 gold pieces
 27418 | Snake:2  | Found a runed translucent gate.
 27421 | Snake:2  | Found a runed translucent gate.
 27422 | Snake:2  | Found a runed translucent gate.
 27423 | Snake:2  | Noticed Puubajux's ghost (adept GrFi)
 27434 | Snake:2  | Killed Puubajux's ghost
 28621 | Snake:3  | Found a stormy altar of Qazlal.
 29205 | Snake:4  | Entered Level 4 of the Snake Pit
 29373 | Snake:4  | Reached XP level 18. HP: 147/160 MP: 24/24
 29475 | Snake:4  | Found a runed translucent gate.
 29475 | Snake:4  | Found a runed translucent gate.
 29476 | Snake:4  | Found a runed translucent gate.
 29749 | Snake:4  | Found an opulent altar of Gozag.
 29754 | Snake:4  | Noticed AlmostDecent's ghost (adept GnEE)
 29755 | Snake:4  | Found Tyeky's Assorted Antiques.
 29845 | Snake:4  | Received a gift from Okawaru
 30427 | Snake:4  | Noticed Vashnia
 30442 | Snake:4  | Killed Vashnia
 31192 | Snake:4  | Got a serpentine rune of Zot
 31437 | Shoals:1 | Entered Level 1 of the Shoals
 31624 | Shoals:1 | Found Xiylot's Weapon Shoppe.
 32535 | Shoals:2 | Found a broken altar of Ashenzari.
 34717 | Shoals:3 | Reached XP level 19. HP: 168/168 MP: 25/25
 34780 | Shoals:3 | Reached ****** piety under Okawaru
 34880 | Shoals:3 | Got the Exposition on the Iceberg
 35258 | Shoals:3 | Received a gift from Okawaru
 35789 | Shoals:4 | Entered Level 4 of the Shoals
 36799 | Shoals:4 | Identified the +3 barding "Jethu" {Drain Will+ Int+4}
                  | (Okawaru gifted it to you on level 4 of the Shoals)
 36799 | Shoals:4 | Received a gift from Okawaru
 37255 | Shoals:4 | Reached skill level 15 in Armour
 37721 | Shoals:4 | Got a barnacled rune of Zot
 38233 | Elf:1    | Entered Level 1 of the Elven Halls
 38282 | Elf:1    | Found a radiant altar of Vehumet.
 38968 | Snake:2  | Bought an amulet of regeneration for 420 gold pieces
 39477 | Elf:1    | Found Fuum's Jewellery Emporium.
 40231 | Elf:2    | Found the +16 obsidian axe {drain, demonic, Mesm Drain Fly
                  | SInv}
 40252 | Elf:2    | Paralysed by an air elemental for 1 turns
 40306 | Elf:2    | Reached XP level 20. HP: 174/176 MP: 26/26
 40368 | Elf:2    | Found Raifyekh's Book Emporium.
 40369 | Elf:2    | Found Uqami's Jewellery Shop.
 40369 | Elf:2    | Found Hunnumna's Jewellery Shop.
 40521 | Elf:2    | Found a runed translucent gate.
 40522 | Elf:2    | Found a runed translucent gate.
 40522 | Elf:2    | Found a runed translucent gate.
 41165 | Elf:2    | Identified the +0 crystal plate armour of the Great Game
                  | {Str-3 Dex+5} (Okawaru gifted it to you on level 2 of the
                  | Elven Halls)
 41165 | Elf:2    | Received a gift from Okawaru
 41583 | Elf:3    | Entered Level 3 of the Elven Halls
 41583 | Elf:3    | Found Ikischon's Magic Scroll Shoppe.
 41585 | Elf:3    | Paralysed by an air elemental for 1 turns
 41587 | Elf:3    | Paralysed by an air elemental for 1 turns
 41592 | Elf:3    | Bought a scroll of fog for 52 gold pieces
 41592 | Elf:3    | Bought a scroll of teleportation for 39 gold pieces
 41592 | Elf:3    | Bought a scroll of enchant weapon for 97 gold pieces
 41672 | Elf:3    | Found a radiant altar of Vehumet.
 42021 | Elf:3    | Found Ycres's Book Boutique.
 42133 | Elf:3    | Paralysed by an air elemental for 1 turns
 42137 | Elf:3    | Paralysed by an air elemental for 1 turns
 42435 | Abyss:2  | Cast into level 2 of the Abyss (a deep elf demonologist)
 42679 | Abyss:2  | Noticed a profane servitor
 42684 | Abyss:2  | Killed a profane servitor
 42817 | Abyss:3  | Found a corrupted altar of Lugonu.
 42823 | Elf:3    | Escaped the Abyss
 42843 | Elf:3    | Identified the +7 long sword "Jeos" {freeze, rC+ Int+6}
 42843 | Elf:3    | Identified the ring "Fosobruo" {Wiz *Corrode Fly rPois}
 42849 | Elf:3    | Identified the +9 falchion of Dakhud {antimagic, Str+3
                  | Dex+2}
 42863 | Elf:3    | Noticed a Brimstone Fiend
 42865 | Elf:3    | Identified the +4 orcbow of Calamity {heavy, rN+ rCorr
                  | Str-5}
 42865 | Elf:3    | Identified the amulet of Wyprutif {RegenMP -Tele rC+++
                  | Will+ Slay-6}
 42871 | Elf:3    | Received a gift from Okawaru
 43116 | Elf:3    | Identified the +3 leather armour of Gaedevuqeo {rElec Str-2
                  | Stlth+}
 43122 | Elf:3    | Identified the +7 morningstar of Popular Demand {freeze,
                  | rElec rCorr Dex+2}
 43128 | Elf:3    | Identified the +8 short sword of Okawaru's Generosity
                  | {protect, Int+5 SInv}
 43134 | Elf:3    | Identified the ring of Rouvvaqo {Str-5 Int+4 Dex+4 SInv}
 43140 | Elf:3    | Noticed a Brimstone Fiend
 43145 | Elf:3    | Noticed a Brimstone Fiend
 43326 | Elf:3    | Reached XP level 21. HP: 162/183 MP: 27/27
 43583 | Elf:3    | Identified the +7 ring mail of the Alphagorgon {rC++ Str-5
                  | Stlth+}
 43837 | Elf:3    | Identified the staff of death "Keoniynk" {rC+ rN+ Will+
                  | Str+2 Stlth-}
 43915 | Elf:3    | Got the Annotations on Vitiation and Graupel
 43964 | Elf:3    | Identified the +6 sling of the Supporting Seeker {drain,
                  | rElec rN+ Int+4 Stlth-}
 44395 | D:10     | Killed Chodeload's ghost
 44618 | Lair:4   | Identified the ring "Senixe" {Ice Str+2 Dex+3}
 45520 | Snake:4  | Killed AlmostDecent's ghost
 45641 | Snake:4  | Bought a potion of haste for 300 gold pieces
 45641 | Snake:4  | Bought a scroll labelled MOJIERAONU for 30 gold pieces
 45641 | Snake:4  | Bought a scroll of magic mapping for 225 gold pieces
 45944 | Vaults:1 | Entered Level 1 of the Vaults
 46084 | Vaults:1 | Received a gift from Okawaru
 46979 | Vaults:1 | Reached skill level 10 in Invocations
 47801 | Vaults:2 | Reached XP level 22. HP: 69/190 MP: 25/31
 48549 | Vaults:2 | You are sucked into a shaft and drop 1 floor!
 49004 | Vaults:2 | Found a staircase to the Crypt.
 49449 | Vaults:3 | Reached skill level 15 in Invocations
 49478 | Vaults:3 | Noticed Asterion
 49491 | Vaults:3 | Killed Asterion
 49830 | Vaults:3 | Identified the +2 helmet of Disappointment {rPois rN+ Str+2
                  | Int+2} (Okawaru gifted it to you on level 3 of the Vaults)
 49830 | Vaults:3 | Received a gift from Okawaru
 50682 | Vaults:3 | Noticed Zenata
 50686 | Vaults:3 | Killed Zenata
 51891 | Vaults:4 | Reached XP level 23. HP: 198/198 MP: 28/34
 52609 | D:5      | Bought a ring of resist corrosion for 240 gold pieces
 52807 | Slime:1  | Entered Level 1 of the Pits of Slime
 53372 | Slime:3  | Received a gift from Okawaru
 53431 | Slime:4  | Reached skill level 27 in Polearms
 53454 | Slime:4  | Gained mutation: Your body sometimes deteriorates upon
                  | taking damage. [a shining eye]
 53557 | Slime:5  | Entered Level 5 of the Pits of Slime
 53794 | Slime:5  | Noticed the Royal Jelly
 53854 | Slime:4  | Identified the +2 barding of the Greedy {Drain rElec rCorr
                  | Dex+6} (Okawaru gifted it to you on level 4 of the Pits of
                  | Slime)
 53854 | Slime:4  | Received a gift from Okawaru
 54665 | Slime:5  | Gained mutation: You occasionally shout uncontrollably at
                  | your foes. [a shining eye]
 54897 | Slime:5  | Found a viscous altar of Jiyva.
 54977 | Slime:5  | Gained mutation: You frequently scream uncontrollably at
                  | your foes. [a shining eye]
 55035 | Slime:5  | Killed the Royal Jelly
 55095 | Slime:5  | Got a slimy rune of Zot
 55121 | Slime:5  | Identified the ring "Toyriuwa" {Wiz rC+ Int+4}
 55130 | Slime:5  | Identified the +1 leather armour of Gravitas {rC- Int+6}
 55140 | Slime:5  | Identified the staff of fire "Isyot" {rPois rF+ rC- Str+4}
 55153 | Slime:5  | Identified the staff of fire "Laox" {rF+ Str+2}
 55172 | Slime:5  | Identified the amulet of Ymeup {Faith Rampage rPois}
 55176 | Slime:5  | Identified the amulet of Nafia {RegenMP +Inv Int+5 Stlth-}
 55513 | Depths:1 | Entered Level 1 of the Depths
 55526 | Depths:1 | Noticed Nikola
 55560 | D:15     | Killed Nikola
 56036 | Depths:1 | Paralysed by a floating eye for 4 turns
 56135 | Depths:1 | Found Curaf's Antique Armour Shop.
 56159 | Depths:1 | Bought an ichor-stained plate armour for 868 gold pieces
 56159 | Depths:1 | Identified the +2 plate armour of Larunuk {+Blink} (You
                  | bought it in a shop on level 1 of the Depths)
 56175 | Depths:1 | Found a gateway to Hell.
 56246 | Depths:1 | Found Ylity's Distillery.
 56252 | Depths:1 | Bought 2 potions of magic for 352 gold pieces
 56252 | Depths:1 | Bought a potion of resistance for 220 gold pieces
 56252 | Depths:1 | Bought a potion of might for 88 gold pieces
 56252 | Depths:1 | Bought 2 potions of curing for 132 gold pieces
 56252 | Depths:1 | Bought a potion of heal wounds for 110 gold pieces
 56252 | Depths:1 | Bought a potion of invisibility for 176 gold pieces
 56252 | Depths:1 | Bought a potion of curing for 66 gold pieces
 56374 | Depths:1 | Found a one-way gate leading to the halls of Pandemonium.
 56710 | Depths:2 | Reached XP level 24. HP: 217/224 MP: 34/34
 56718 | Depths:2 | Reached skill level 15 in Fighting
 56786 | Depths:2 | Noticed an ancient lich
 56797 | Depths:2 | Killed an ancient lich
 57091 | Depths:2 | Identified the ring "Qofiyn" {+Blink rCorr Int+5 Dex-4}
 57144 | Depths:2 | Got the Grimoire of Hyperthermia
 57156 | Depths:2 | Identified the ring "Tuquz" {rC+ rCorr Str+2}
 57173 | Depths:2 | Paralysed by a floating eye for 4 turns
 57409 | Depths:2 | Noticed a juggernaut
 57415 | Depths:2 | Killed a juggernaut
 57759 | Depths:2 | Found a one-way gateway to a ziggurat.
 57837 | Depths:2 | Identified the +4 halberd of the Twenty Servitors {pain,
                  | *Rage rC++ Int+3} (Okawaru gifted it to you on level 2 of
                  | the Depths)
 57837 | Depths:2 | Received a gift from Okawaru
 58090 | Depths:2 | Found an ancient bone altar of Kikubaaqudgha.
 58708 | Depths:3 | Found Xannargh's Antique Weapon Shop.
 58751 | Depths:3 | Found a one-way gate to the infinite horrors of the Abyss.
 59063 | Depths:3 | Found a runed door.
 59093 | Depths:3 | Noticed a dread lich
 59098 | Depths:3 | Killed a dread lich
 59099 | Depths:3 | Noticed Xtahua
 59107 | Depths:3 | Killed Xtahua
 59107 | Depths:3 | Identified the +8 rapier of Ijioduih {freeze, Int+2 Dex+6
                  | SInv} (Okawaru gifted it to you on level 3 of the Depths)
 59107 | Depths:3 | Received a gift from Okawaru
 59292 | Depths:3 | Identified the ring "Maetu" {Fly Will+ rCorr Int+2 SInv}
 59315 | Depths:3 | Identified the +1 cloak of Calculation {rElec rPois rC-
                  | Str+2}
 59343 | Depths:3 | Identified the +10 flail of Intuition {protect, *Noise rF+
                  | rC+ rCorr}
 59439 | Depths:4 | Entered Level 4 of the Depths
 59439 | Depths:4 | Found a runed translucent door.
 59479 | Depths:4 | Reached XP level 25. HP: 190/249 MP: 34/34
 59727 | Depths:4 | Found Pepuh's Antique Weapon Shoppe.
 59819 | Depths:4 | Noticed a juggernaut
 59834 | Depths:4 | Killed a juggernaut
 60020 | Depths:4 | Received a gift from Okawaru
 60797 | Depths:4 | Found a gate to the Realm of Zot.
 60902 | Depths:4 | Noticed Cakioj's ghost (veteran DjCj)
 60914 | Depths:4 | Killed Cakioj's ghost
 60963 | Zot:1    | Entered Level 1 of the Realm of Zot
 61264 | Zot:1    | Identified the +8 flail "Maozueph" {elec, rPois}
 61463 | Zot:1    | Received a gift from Okawaru
 61945 | Vaults:5 | Entered Level 5 of the Vaults
 61945 | Vaults:5 | Noticed Frederick
 62004 | Vaults:5 | Noticed Jory
 62014 | Vaults:5 | Killed Jory
 62087 | Vaults:5 | Killed Frederick
 62186 | Vaults:5 | Identified the +0 longbow of the Beast {heavy, Fragile
                  | Int+2 Dex+3}
 62199 | Vaults:5 | Got a silver rune of Zot
 62316 | Vaults:5 | Identified the +10 mace of Greed {spect, rF+}
 62321 | Vaults:5 | Reached XP level 26. HP: 272/273 MP: 34/34
 62368 | Vaults:5 | Identified the +8 battleaxe "Atzaklar" {spect, Fly Str+4
                  | Dex-4}
 62377 | Vaults:5 | Identified the scarf of Apso {+Inv, rN+ rCorr Dex+4}
                  | (Okawaru gifted it to you on level 5 of the Vaults)
 62377 | Vaults:5 | Received a gift from Okawaru
 62455 | Vaults:5 | Reached skill level 1 in Evocations
 62459 | Vaults:5 | Identified the +8 trident of the Dungeon {venom, rF+}
 62543 | Vaults:5 | Identified the staff of fire "Jor Fose" {rF+ rCorr Str-3
                  | SInv Stlth+}
 62572 | Vaults:5 | Identified the ring "Irienuv" {rC+++ Will- Dex+5 SInv
                  | Stlth+}
 62624 | Vaults:5 | Reached skill level 5 in Evocations
 62636 | Vaults:5 | Paralysed by a Zot trap for 3 turns
 62690 | Vaults:5 | Noticed Bai Suzhen
 62694 | Vaults:5 | Identified the +5 quarterstaff of the Shouting Lamprey
                  | {elec, *Rage rF++ Dex+2}
 62705 | Vaults:5 | Killed Bai Suzhen
 62818 | Vaults:5 | Identified the +7 chain mail of Marbles {rElec rCorr}
 63079 | Vaults:5 | Identified the +3 chain mail of a Gauntlet {Str+2}
 63574 | Crypt:1  | Entered Level 1 of the Crypt
 64726 | Zot:1    | Noticed an orb of fire
 64736 | Zot:1    | Killed an orb of fire
 64782 | Zot:1    | Reached skill level 10 in Evocations
 65107 | Zot:1    | Found the macabre finger necklace {Finger+ rN+}
 65141 | Zot:1    | Identified the +7 shortbow of the Sun {flame, rElec Will-
                  | Str+3}
 65254 | Zot:1    | Identified the amulet "Toppoog" {Faith +Inv rF+++ rCorr
                  | Dex-4}
 65494 | Zot:2    | Received a gift from Okawaru
 65681 | Zot:2    | Noticed a Killer Klown
 65692 | Zot:2    | Killed a Killer Klown
 66155 | Zot:2    | Identified the ring "Fomneguxt" {rF++ MP+9 Dex+5 Slay-6}
 66493 | Zot:3    | Noticed a Killer Klown
 66566 | Zot:3    | Killed a Killer Klown
 66567 | Zot:3    | Reached XP level 27. HP: 283/283 MP: 34/34
 66803 | Zot:3    | Found a blossoming altar of Fedhas.
 66813 | Zot:3    | Identified the +0 helmet of Spite {rN+ Stlth+}
 67031 | Zot:3    | Reached skill level 15 in Evocations
 67094 | Zot:3    | Found a radiant altar of Vehumet.
 67239 | Zot:3    | Noticed an orb of fire
 67244 | Zot:3    | Killed an orb of fire
 67426 | Zot:3    | Noticed an orb of fire
 67433 | Zot:3    | Killed an orb of fire
 67832 | Zot:4    | Received a gift from Okawaru
 67873 | Zot:4    | Noticed Unkupp's ghost (veteran OgBe)
 67877 | Zot:4    | Found a runed translucent door.
 67896 | Zot:5    | Entered Level 5 of the Realm of Zot
 68126 | Zot:4    | Killed Unkupp's ghost
 68126 | Zot:4    | Received a gift from Okawaru
 68141 | Zot:4    | Identified the +0 hat "Sut Lom" {-Cast Str+4 Slay+5}
 69007 | Zot:5    | Noticed a dread lich
 69009 | Zot:5    | Noticed an ancient lich
 69012 | Zot:5    | Killed a dread lich
 69016 | Zot:5    | Noticed an orb of fire
 69017 | Zot:5    | Killed an ancient lich
 69018 | Zot:5    | Gained mutation: You sometimes lose your temper in combat.
                  | [an orb of fire]
 69019 | Zot:5    | Noticed an orb of fire
 69024 | Zot:5    | Killed an orb of fire
 69027 | Zot:5    | Killed an orb of fire
 69043 | Zot:5    | Lost mutation: You sometimes lose your temper in combat.
                  | [potion of mutation]
 69043 | Zot:5    | Lost mutation: Your body sometimes deteriorates upon taking
                  | damage. [potion of mutation]
 69043 | Zot:5    | Gained mutation: You expend magic power (3 MP) to
                  | strengthen your wands. [potion of mutation]
 69043 | Zot:5    | Gained mutation: You possess an exceptional clarity of
                  | mind. [potion of mutation]
 69106 | Zot:5    | Noticed an orb of fire
 69118 | Zot:5    | Killed an orb of fire
 69124 | Zot:5    | Noticed an orb of fire
 69130 | Zot:5    | Killed an orb of fire
 69146 | Zot:5    | Identified the +4 barding of Daippycu {Contam Harm rC+
                  | Int+6} (Okawaru gifted it to you on level 5 of the Realm of
                  | Zot)
 69146 | Zot:5    | Received a gift from Okawaru
 69148 | Zot:5    | Noticed an orb of fire
 69157 | Zot:5    | Killed an orb of fire
 69521 | Zot:5    | Noticed an orb of fire
 69535 | Zot:5    | Killed an orb of fire
 69536 | Zot:5    | Noticed an orb of fire
 69537 | Zot:5    | Noticed an orb of fire
 69543 | Zot:5    | Gained mutation: You are vulnerable to cold. (rC-) [an orb
                  | of fire]
 69546 | Zot:5    | Killed an orb of fire
 69553 | Zot:5    | Killed an orb of fire
 69821 | Zot:5    | Noticed an ancient lich
 69831 | Zot:5    | Killed an ancient lich
 69832 | Zot:5    | Reached skill level 27 in Fighting
 69880 | Zot:5    | Got the Orb of Zot
 70067 | Zot:1    | Noticed Waezidis the pandemonium lord
 70074 | Zot:1    | Killed Waezidis the pandemonium lord
 70112 | Zot:1    | Noticed Ennaisi the pandemonium lord
 70116 | Zot:1    | Killed Ennaisi the pandemonium lord
 70197 | Depths:1 | Noticed a seraph
 70353 | D:12     | Noticed a seraph
 70534 | Temple   | Fell from the grace of Okawaru
 70534 | Temple   | Became a worshipper of the Shining One
 70593 | D:8      | Noticed a seraph
 70597 | D:8      | Killed a seraph
 70638 | D:10     | Reached * piety under the Shining One
 70810 | Depths:2 | Killed a seraph
 70912 | Depths:1 | Noticed Ashib the pandemonium lord
 70947 | Depths:3 | Reached ** piety under the Shining One
 70968 | Depths:3 | Voluntarily entered the Abyss.
 70971 | Abyss:3  | Found a corrupted altar of Lugonu.
 71142 | Abyss:3  | Reached *** piety under the Shining One
 71214 | Abyss:3  | Got an abyssal rune of Zot
 71227 | Abyss:3  | Found a corrupted altar of Lugonu.
 71250 | Abyss:3  | Reached **** piety under the Shining One
 71268 | Depths:3 | Escaped the Abyss
 71495 | D:11     | Noticed Puruurch the pandemonium lord
 71711 | D:$      | Escaped with the Orb!

Illustrated notes

Levels and vault maps discovered:
D:1:      psy_arrival_terrarium, layout_basic, serial_aquarium,
          aquarium_bridge_straight [aquarium_subvault_bridge,
          aquarium_subvault_wall, aquarium_subvault_bridge,
          aquarium_subvault_window], aquarium_window_1, aquarium_window_1,
          aquarium_view_4, aquarium_view_2e
D:2:      layout_basic, shapermc_ecumenical_altar_starsandcircs,
          minmay_quadrilaterals, uniq_terence
D:3:      layout_basic, cheibrodos_sewer_entry_bend, uniq_natasha
D:4:      layout_basic
D:5:      layout_rooms, nicolae_specific_store, nrook_loot_triangle
D:6:      layout_gridville, minmay_temple_entry_large_hall
D:7:      layout_basic, mainiacjoe_overflow_surrounded_room, minmay_hedge_maze,
          hex_medium, kennysheep_diamond, small_statue_intersection
D:8:      layout_basic, kennysheep_mini, lemuel_coloured_pillars_altar,
          hellmonk_lair_entry_icy, nicolae_shop_self_help, uniq_prince_ribbit1
D:9:      layout_rooms, lemuel_crystal_altar, gammafunk_ghost_cemetery,
          uniq_gastronok, uniq_erica, uniq_maggie
D:10:     layout_roguey, gammafunk_ghost_hive, kennysheep_small_spiral
D:11:     layout_small_grid, kennysheep_orc_monster_closet_entryway,
          gauntlet_entry_generic, xom_redecorated
D:12:     layout_basic, chequers_serial_rivers_micro_e, uniq_urug, uniq_sonja
D:13:     minmay_complete_graph, layout_cave_pods, ximxim_vaults_locker_room,
          grunt_ministairs_10, uniq_jorgrun
D:14:     layout_stronghold, kennysheep_generic_room_6, uniq_kirke
D:15:     hangedman_depths_entry_civil_slaughter, layout_loops_cross,
          minmay_misc_feat_room, nicolae_fountain_basement
Temple:   regret_index_temple_chain_breaker
Lair:1:   layout_regular_city, beast_lair_carwin_1, grunt_megastairs_4,
          uniq_grum
Lair:2:   layout_gridlike, elwin_shoals_entry_stream,
          minmay_snake_entry_guardpost_small, grunt_megastairs_1
Lair:3:   layout_hall_layers, uniq_amaemon
Lair:4:   gammafunk_worm_tunnel, layout_big_grid, slime_entry_2,
          ebering_ghost_rock_garden, serial_bayou_shore_b, lemuel_fruit_tree
Lair:5:   minmay_lair_end_enchanted_forest, layout_misc_corridors,
          grunt_megastairs_3, uniq_snorg
Shoals:1: layout_shoals, serial_shops, nicolae_shop_gibbet_a_chance,
          nicolae_shoals_arrival_archipelago
Shoals:2: layout_shoals, lemuel_oklob_altar
Shoals:3: layout_shoals, st_shoals_ruin
Shoals:4: shoals_end_grunt_garden, layout_shoals
Snake:1:  layout_misc_corridors, nicolae_shop_i_like_big_books, uniq_frances,
          uniq_josephine
Snake:2:  layout_misc_corridors, serial_shops, nicolae_shop_statue_plus,
          ebering_ghost_rock_garden, special_room, nicolae_snake_flat_spine,
          nicolae_shop_sticking_my_neck_out
Snake:3:  layout_gridlike, basic_altar
Snake:4:  grunt_snake_rune_serpentine_throne, layout_rooms, serial_curves,
          eino_curves_03, eino_curves_02, eino_curves_04, ebering_ghost_gozag,
          grunt_ministairs_8, st_stairs_7, nicolae_snake_round_shape_thing
Slime:1:  layout_caves
Slime:2:  layout_caves
Slime:3:  layout_caves, uniq_dissolution
Slime:4:  layout_caves
Slime:5
Orc:1:    layout_diamond_mine
Orc:2:    grunt_orc_gardens, layout_caves, grunt_orc_garden, grunt_orc_garden,
          grunt_orc_garden, grunt_orc_garden, minmay_orc_barracks
Elf:1:    eino_elf_arrival_altar, layout_rooms, serial_shops,
          nicolae_shop_peninsula, minmay_elf_demonology,
          hellmonk_bongcloud_opening
Elf:2:    nicolae_elf_blades_crystal_corner, layout_onion_city,
          dreamdust_deal_with_the_devil, drop_trap, minmay_shop_grove
Elf:3:    nooodl_elf_gasket, layout_geoelf_grid, serial_shops, shop,
          nicolae_shop_mannequins, basic_altar
Vaults:1: st_eye, v_misc_30, nicolae_vaults_hallways_thing,
          nicolae_vaults_house_1, nicolae_vaults_specimen_jars,
          nicolae_vaults_steering_wheel, nicolae_vaults_house_1, v_misc_5,
          nicolae_vaults_wine_cellar, ontoclasm_vaults_shuriken, v_misc_18,
          vaults_room_grunt_arrival_ludios, layout_vaults_ring
Vaults:2: minmay_crypt_entry_simple_plaza, nicolae_vaults_apartment_1,
          v_misc_18, vaults_dpeg_hooks, dpeg_vaults_waves,
          nicolae_vaults_doubleplus_tesselated, v_alt_pattern_1,
          nicolae_vaults_little_squares_4, vaults_dpeg_encased_lava,
          nicolae_vaults_mini_display_case, nicolae_vaults_storage_room_statues,
          ontoclasm_vaults_pinch, layout_vaults_omnigrid
Vaults:3: v_alt_pattern_4, v_misc_24, vaults_room_large_hall,
          nicolae_vaults_rhombus_6, nicolae_vaults_tetromino_T_1,
          nicolae_vaults_stairing_the_circle, hangedman_vaults_snaps,
          nicolae_vaults_frosty_reception, grunt_vaults_funnel,
          nicolae_vaults_trapezoid_lopsided_1, nicolae_vaults_circle_grid_b,
          nicolae_vaults_storage_room_doors,
          nicolae_vaults_trapezoid_lopsided_1, nicolae_vaults_shelves_hall,
          nicolae_vaults_trapezoid_4, layout_vaults_big_cross, uniq_zenata,
          uniq_asterion
Vaults:4: v_misc_2, hangedman_vaults_stream, v_misc_1, serial_ice_g,
          ontoclasm_vaults_chip, nicolae_vaults_trapezoid_lopsided_4,
          nicolae_vaults_more_shelving_2, vaults_room_pool,
          nicolae_vaults_six-pack, v_misc_17, nicolae_vaults_tetromino_Z_2,
          vaults_mumra_chevron, layout_vaults_big_room
Vaults:5: serial_shops, uniq_bai_suzhen, uniq_jory, uniq_frederick
Crypt:1:  layout_gridlike, serial_corexii_hall, corexii_hall_statues_i,
          chequers_hall_statues_wall_a
Depths:1: layout_cave_pools, rand_demon_pan_entry_1, serial_shops,
          nicolae_shop_window_shopping, hell_entry,
          hangedman_abyss_or_decor_slice, kennysheep_windowed_goal, uniq_nikola
Depths:2: minmay_the_grid_3x3 [minmay_the_grid_spin_star, minmay_the_grid_doors,
          minmay_the_grid_broken_lines, minmay_the_grid_outer_circle,
          minmay_the_grid_gridbox, minmay_the_grid_minigrid_large,
          minmay_the_grid_fan, minmay_the_grid_tri_star,
          minmay_the_grid_prize_four_corners_diamond_b], layout_cave_pools,
          enter_ziggurat_b, hangedman_coc_ice_floe, pan_entry, drop_trap,
          kiku_gazebo_pond_becter, uniq_josephina
Depths:3: evilmike_wizard_prison, layout_cave_pools, serial_shops,
          nicolae_shop_real_fake_doors, pan_entry, hell_entry,
          minmay_room_of_horrors, uniq_xtahua
Depths:4: grunt_zot_entry_gee_three, layout_gridlike, serial_shops, shop,
          pf_dread_powers_of_hell, roderic_serpentine_path,
          gammafunk_ghost_grave
Zot:1:    layout_misc_corridors, st_large_dragon_hoard_2, uniq_grunn
Zot:2:    layout_gridlike, hangedman_zot_wheel_spokes
Zot:3:    layout_misc_corridors, hangedman_feature_mirror,
          hangedman_player_shredder, grunt_megastairs_5
Zot:4:    layout_basic, hellmonk_ghost_big_iron
Zot:5:    layout_concentric_octagons, grunt_ministairs_7

Skill      XL: |  1  2  3  4  5  6  7  8  9 10 11 12 13 14 15 16 17 18 19 20 21 22 23 24 25 26 27 |
---------------+----------------------------------------------------------------------------------+-----
Polearms       | 3 4 5 6 7 9 11 16 17 19 20 21 23 25 26 27 | 27.0
Armour         | 7 8 12 13 15 18 | 18.3
Fighting       | 5 10 14 19 23 27 | 27.0
Dodging        | 3 5 10 15 16 17 19 | 19.9
Invocations    | 8 12 15 | 15.0
Translocations | 2 |  2.4
Evocations     | 13 15 | 15.9
Shields        | |  2.6

Action                     |  1- 3 |  4- 6 |  7- 9 | 10-12 | 13-15 | 16-18 | 19-21 | 22-24 | 25-27 || total
---------------------------+-------+-------+-------+-------+-------+-------+-------+-------+-------++-------
  Melee: Trident           |    43 |   135 |   176 |   150 |    11 |       |       |       |       ||   515
         Spear             |       |       |    66 |   572 |     3 |    11 |       |       |       ||   652
         Halberd           |       |       |       |    55 |  1134 |   393 |       |       |       ||  1582
         Constrict         |       |       |       |       |   202 |   192 |   224 |   168 |   187 ||   973
         Glaive            |       |       |       |       |    11 |   737 |   786 |       |       ||  1534
         Punch             |       |       |       |       |       |     1 |       |       |       ||     1
         Bardiche          |       |       |       |       |       |       |   365 |  1170 |  1421 ||  2956
  Throw: Stone             |       |     2 |     1 |       |       |       |       |       |       ||     3
         Dart              |       |       |     7 |     2 |    17 |     1 |     2 |       |       ||    29
         Throwing net      |       |       |       |     1 |       |       |       |       |       ||     1
 Invoke: Heroism           |       |       |       |     2 |    12 |     7 |    12 |     9 |     5 ||    47
         Finesse           |       |       |       |     1 |     6 |     7 |     6 |     9 |    16 ||    45
Ability: Spit Poison       |    22 |    32 |    37 |     5 |     5 |     1 |       |     1 |       ||   103
         Evoke Invisibilit |       |       |       |       |       |       |       |       |     3 ||     3
  Evoke: Wand              |       |       |     6 |     7 |    13 |     3 |     8 |       |     6 ||    43
    Use: Potion            |     3 |     4 |     5 |     3 |     4 |     2 |    13 |     7 |    17 ||    58
         Scroll            |       |     6 |     5 |     7 |    11 |     4 |    20 |     7 |    22 ||    82
   Stab: Held in net/web   |       |       |       |     4 |       |       |       |       |       ||     4
         Paralysed         |       |       |       |       |     4 |       |       |       |       ||     4
         Distracted        |       |       |       |       |       |     2 |     1 |     3 |     1 ||     7
         Invisible         |       |       |       |       |       |       |     3 |       |    23 ||    26
 Armour: Scale mail        |    18 |       |    42 |   255 |   140 |       |   416 |   467 |   130 ||  1468
         Chain mail        |     5 |    41 |     9 |       |   318 |   393 |   139 |       |       ||   905
         Skin              |       |    33 |    10 |       |     6 |       |       |       |       ||    49
         Gold dragon scale |       |       |       |       |       |       |       |       |   490 ||   490
  Dodge: Dodged            |     9 |    22 |    54 |   146 |   474 |   682 |  1022 |  1195 |  1198 ||  4802
  Block: Buckler           |    10 |    21 |    34 |    83 |       |       |       |       |       ||   148

Table legend: (Time is in decaauts)
 A = Elapsed time spent in this place.
 B = Non-inter-level travel time spent in this place.
 C = Inter-level travel time spent in this place.
 D = Time resting spent in this place.
 E = Time spent auto-exploring this place.
 F = Levels seen in this place.
 G = Mean time per level.
                   A        B        C        D        E       F      G
               +--------+--------+--------+--------+--------+-----+--------+
         Total |  86788 |  76006 |  10782 |  12935 |  44925 |  59 | 1471.0 |
       Dungeon |  22990 |  18569 |   4421 |   2346 |  12091 |  15 | 1532.7 |
        Temple |    269 |    218 |     51 |      0 |    158 |   1 |  269.0 |
          Lair |   9949 |   8220 |   1729 |   1505 |   5063 |   5 | 1989.8 |
        Shoals |   7828 |   7447 |    381 |   2259 |   3806 |   4 | 1957.0 |
     Snake Pit |   7396 |   6747 |    649 |   1777 |   3654 |   4 | 1849.0 |
    Slime Pits |   1966 |   1806 |    160 |    576 |    601 |   5 |  393.2 |
  Orcish Mines |   2636 |   2320 |    316 |    216 |   1459 |   2 | 1318.0 |
   Elven Halls |   6213 |   5855 |    358 |   1823 |   2490 |   3 | 2071.0 |
        Vaults |  10733 |   9295 |   1438 |    497 |   6603 |   5 | 2146.6 |
         Crypt |    223 |    170 |     53 |      0 |     98 |   1 |  223.0 |
        Depths |   7149 |   6462 |    687 |    904 |   3869 |   4 | 1787.2 |
           Zot |   7115 |   6581 |    534 |    737 |   4122 |   5 | 1423.0 |
         Abyss |    799 |    799 |      0 |     41 |    233 |   3 |  266.3 |
         Sewer |    738 |    738 |      0 |    160 |    279 |   1 |  738.0 |
      Gauntlet |    777 |    777 |      0 |     89 |    394 |   1 |  777.0 |
               +--------+--------+--------+--------+--------+-----+--------+

Top non-repeatable levels by time:
    D:13: 3245 daAuts
 Snake:4: 3139 daAuts
Vaults:2: 2865 daAuts
   Elf:3: 2567 daAuts
  Lair:1: 2499 daAuts
   Elf:2: 2381 daAuts
Depths:4: 2330 daAuts
Shoals:4: 2260 daAuts
Vaults:1: 2259 daAuts
   Zot:5: 2232 daAuts
Depths:2: 2211 daAuts
  Lair:5: 2190 daAuts
Shoals:2: 2147 daAuts
Shoals:3: 2135 daAuts
    D:15: 2053 daAuts
